 Dungeon Crawl Stone Soup version 0.28.0-47-ge53b351184 (webtiles) character file.

Game seed: 6157545510962530522

9117 101zpm the Thaumaturge (level 11, -3/73 HPs)
             Began as a Djinni Cinder Acolyte on Apr 30, 2022.
             Was a High Priest of Ignis.
             Killed by refrigeration
             ... invoked by Fannar
              (23 damage)
             ... on level 10 of the Dungeon.
             The game lasted 00:41:16 (16752 turns).

101zpm the Thaumaturge (Djinni Cinder Acolyte)     Turns: 16752, Time: 00:41:17

Health: -3/73      AC:  6    Str: 20    XL:     11   Next: 68%
Gold:   535        EV: 16    Int: 25    God:    Ignis [*****.] SH:  0 Dex: 10

rFire   + + +      SeeInvis .   o - +8 long sword of Umoekk {antimagic, Str+7 Int+2 Dex-2 Stlth+}
rCold   . . .      Faith    .   (no shield)
rNeg    . . .      Spirit   .   q - +2 leather armour {rC+}
rPois   ∞          Reflect  .   (no helmet)
rElec   .          Harm     .   p - +0 cloak
rCorr   .          Rampage  .   (no gloves)
Will    +....                   (boots unavailable)
Stlth   +++.......              (no amulet)
HPRegen 0.22/turn               h - +4 ring of evasion
MPRegen 0.00/turn               B - ring "Vathoeza" {rF+ Int+2 Dex+4}

@: flying
A: sickness immunity, fire resistance 2, cold vulnerability 1, float, innate
caster, HP casting, extra vitality 1
a: Renounce Religion, Fiery Armour, Foxfire Swarm, Rising Flame


You were on level 10 of the Dungeon.
You worshipped Ignis.
Ignis was extremely pleased with you.
You visited 2 branches of the dungeon, and saw 11 of its levels.

You collected 535 gold pieces.

Inventory:

Hand Weapons
 o - the +8 long sword of Umoekk (weapon) {antimagic, Str+7 Int+2 Dex-2 Stlth+}
   (You found it on level 4 of the Dungeon)

   It reduces the magical energy of the wielder, and disrupts the spells and
   magical abilities of those it strikes.
   Natural abilities and divine invocations are not affected.
   Str:       It affects your strength (+7).
   Int:       It affects your intelligence (+2).
   Dex:       It affects your dexterity (-2).
   Stlth:     It makes you more stealthy.
 r - a +4 quarterstaff of chaos
Missiles
 t - a throwing net
Armour
 c - a +0 troll leather armour
 p - a +0 cloak (worn)
 q - a +2 leather armour of cold resistance (worn)
Jewellery
 h - a +4 ring of evasion (left hand)
 y - a ring of willpower
 B - the ring "Vathoeza" (right hand) {rF+ Int+2 Dex+4}
   (You acquired it on level 10 of the Dungeon)

   [ring of protection from fire]

   Int:       It affects your intelligence (+2).
   Dex:       It affects your dexterity (+4).
   rF:        It protects you from fire.
Wands
 b - a wand of digging (8)
 l - a wand of charming (7)
 n - a wand of acid (5)
 v - a wand of flame (44)
Scrolls
 a - 2 scrolls of enchant armour
 d - 8 scrolls of teleportation
 g - 4 scrolls of fear
 i - a scroll of blinking
 k - 4 scrolls of vulnerability
 z - 2 scrolls of torment
 A - a scroll of magic mapping
 D - a scroll of holy word {unknown}
 E - a scroll of amnesia {unknown}
Potions
 e - a potion of ambrosia {unknown}
 f - 5 potions of flight {unknown}
 j - 2 potions of might {unknown}
 m - 2 potions of curing {unknown}
 s - a potion of lignification {unknown}
 u - a potion of mutation {unknown}
 w - 2 potions of brilliance {unknown}
 x - 6 potions of heal wounds {unknown}
 C - a potion of resistance {unknown}


   Skills:
 + Level 4.0 Fighting
 + Level 3.2 Long Blades
 + Level 3.0 Armour
 + Level 3.1 Dodging
 + Level 2.4 Stealth
 + Level 12.7 Spellcasting


You had 20 spell levels left.
You knew the following spells:

 Your Spells              Type           Power      Damage    Failure   Level
a - Scorch                Fire           100%       2d10      1%          2
b - Summon Small Mammal   Summ           100%       N/A       1%          1
c - Passwall              Tmut/Erth      56%        N/A       1%          2
d - Portal Projectile     Hex/Tloc       100%       N/A       1%          3
e - Spider Form           Tmut/Pois      68%        N/A       1%          3
f - Dispel Undead         Necr           68%        3d23      1%          4
Your spell library was empty.

Dungeon Overview and Level Annotations

Branches:
Dungeon (10/15)            Temple (1/1) D:7            Lair (0/6) D:10
    Orc: D:9-12

Altars:
Ashenzari
Cheibriados
Dithmenos
Elyvilon
Fedhas
Gozag
Hepliaklqana
Kikubaaqudgha
Makhleb
Nemelex Xobeh
Okawaru
Qazlal
Ru
Sif Muna
Trog
Uskayaw
Vehumet
Wu Jian
Xom
Yredelemnul
Zin
The Shining One

Shops:
D:1 *

Annotations:
D:6 3 runed translucent doors, Tali's ghost, novice DsBe
D:7 2 transporters, Bruhh's ghost, novice OgEE
D:10 Fannar


Innate Abilities, Weirdness & Mutations

You are immune to sickness and miasma.
You are immune to poison.
Your flesh is very heat resistant. (rF++)
You are vulnerable to cold. (rC-)
You float through the air rather than walking.
You learn spells naturally, not from books.
Your magical power is your life essence.
You have superior vitality. (+4 MHP)


Message History

There is an open door here.
You reach down and open the door.
There is an open door here.
There is an open door here.
There is an open door here.
You see here 20 sling bullets.
Fannar the Cold-Hearted comes into view.
They are wielding a staff of cold and wearing a +2 robe of cold resistance.
Casting: Scorch (safe; 1% risk of failure)
Confirm with . or Enter, or press ? or * to list all spells.
Casting: Summon Small Mammal (safe; 1% risk of failure)
Confirm with . or Enter, or press ? or * to list all spells.
Flames lash Fannar.
Fannar shouts!
Fannar is lightly wounded.
Fannar's fire resistance burns away.
Flames lash Fannar.
Fannar is burned terribly!
Fannar is moderately wounded.
Flames lash Fannar.
Fannar is burned terribly!
Fannar is heavily wounded.
Fannar casts a spell.
Flames lash the ice beast.
The ice beast melts!
The ice beast is heavily wounded.
The ice beast's fire resistance burns away.
Fannar hits you with a staff of cold. Fannar freezes you!
Flames lash Fannar.
Fannar is burned terribly!
Fannar is heavily wounded.
Fannar hits you with a staff of cold. Fannar freezes you.
Flames lash Fannar.
Fannar is burned terribly!
Fannar is almost dead.
Fannar hits you with a staff of cold. Fannar freezes you!
You are too injured to fight recklessly!
Casting: Scorch (safe; 1% risk of failure)
Press: ? - help, Q - select action, (/) - cycle Dir - look around, f - activate Flames lash the ice beast.
The ice beast melts!
You kill the ice beast!
The ice beast disappears in a puff of smoke!
* * * LOW HITPOINT WARNING * * *
Fannar casts a spell.
Fannar drains the heat from the surrounding environment!
You die...

#.#.#.#... #. #.#.#.#.##
#. #.#.#...#. #.
#.#.#.#[#. .##
#.#...#... ..#
########'# #§# ###..#
#e# #...## #@#
######.####
######r######.........#
#......r....##.........#
#...........##.........#
#...........##.........(
#............#.........#
#............#(........#
#......................#
##############.........#


You could see Fannar (combustible, ally target) and 2 friendly rats.

Vanquished Creatures
  Erolcha (D:9)
  Erica (D:9)
  Pikel (D:9)
  An ugly thing (D:7)
  2 trolls (D:10)
  Sigmund (D:2)
  2 wraiths
  14 yaks
  Eustachio (D:4)
  A steam dragon (D:6)
  Menkaure (D:5)
  2 water moccasins (D:5)
  2 orc warriors
  A sky beast (D:7)
  2 black bears (D:5)
  A necrophage (D:6)
  4 centaurs
  A phantom (D:6)
  A lemure (D:9)
  2 kobold brigands
  4 bullfrogs
  A scorpion (D:5)
  A wyvern zombie (D:8)
  11 killer bees (D:8)
  4 wights
  4 howler monkeys
  2 bullfrog zombies
  2 centaur zombies
  4 orc priests
  3 centaur skeletons
  2 bullfrog skeletons
  A gnoll shaman (D:5)
  Crazy Yiuf (D:4)
  3 iguanas
  Ijyb (D:4)
  6 orc wizards
  Natasha (D:2)
  A hell rat (D:10)
  A killer bee zombie (D:8)
  A hound skeleton (D:5)
  7 adders
  8 gnolls
  A howler monkey skeleton (D:7)
  2 shadow imps
  A white imp (D:5)
  A worm (D:3)
  5 dart slugs
  29 orcs
  4 endoplasms
  4 giant cockroaches
  7 goblins
  5 hobgoblins
  3 jackals (D:4)
  12 kobolds
  8 quokkas
  8 ball pythons
  5 bats
  3 frilled lizards
  5 rats
214 creatures vanquished.

Vanquished Creatures (collateral kills)
  A yak (D:8)
  A water moccasin (D:4)
  A howler monkey (D:9)
  A worm (D:3)
  2 orcs
  A jackal (D:4)
  A kobold (D:3)
8 creatures vanquished.

Grand Total: 222 creatures vanquished

Notes
Turn   | Place    | Note
-------+----------+-------------------------------------------
     0 | D:1      | 101zpm the Djinni Cinder Acolyte began the quest for the
                  | Orb.
     0 | D:1      | Reached XP level 1. HP: 20/20 MP: 0/0
    67 | D:1      | Found a faded altar of an unknown god.
   425 | D:1      | Found Fugy's General Store.
   500 | D:1      | Reached XP level 2. HP: 22/25 MP: 0/0
  1328 | D:2      | Noticed Sigmund
  1554 | D:3      | Reached XP level 3. HP: 25/30 MP: 0/0
  1554 | D:3      | Learned a level 1 spell: Summon Small Mammal
  1776 | D:3      | Found a blossoming altar of Fedhas.
  1776 | D:3      | Found a shimmering altar of Xom.
  1832 | D:3      | Reached skill level 1 in Dodging
  1832 | D:3      | Reached XP level 4. HP: 21/35 MP: 0/0
  1841 | D:3      | Reached skill level 3 in Spellcasting
  2109 | D:3      | Found a broken altar of Ashenzari.
  3197 | D:2      | Found a hazy altar of Hepliaklqana.
  3227 | D:2      | Reached XP level 5. HP: 33/40 MP: 0/0
  3227 | D:2      | Learned a level 2 spell: Passwall
  3231 | D:2      | Killed Sigmund
  3232 | D:2      | Reached skill level 1 in Stealth
  3232 | D:2      | Reached skill level 4 in Spellcasting
  3232 | D:2      | Reached XP level 6. HP: 30/46 MP: 0/0
  3745 | D:2      | Noticed Natasha
  3748 | D:2      | Killed Natasha
  4132 | D:4      | Noticed Eustachio
  4139 | D:4      | Killed Eustachio
  4140 | D:4      | Reached skill level 5 in Spellcasting
  4140 | D:4      | Reached XP level 7. HP: 35/50 MP: 0/0
  4140 | D:4      | Learned a level 3 spell: Portal Projectile
  4684 | D:4      | Found a basalt altar of Yredelemnul.
  4890 | D:4      | Found an iron altar of Okawaru.
  4900 | D:4      | Noticed Ijyb
  4907 | D:4      | Killed Ijyb
  5134 | D:4      | Found a hide-covered altar of Uskayaw.
  5234 | D:4      | Noticed a water moccasin
  5243 | D:4      | Killed a water moccasin
  5244 | D:4      | Reached skill level 6 in Spellcasting
  5244 | D:4      | Reached XP level 8. HP: 34/56 MP: 0/0
  5429 | D:4      | Found a runed translucent door.
  5430 | D:4      | Noticed Crazy Yiuf
  5470 | D:4      | Identified the +8 long sword of Umoekk {antimagic, Str+7
                  | Int+2 Dex-2 Stlth+}
  5514 | D:4      | Killed Crazy Yiuf
  5645 | D:5      | Entered Level 5 of the Dungeon
  6122 | D:5      | Reached skill level 1 in Armour
  6303 | D:5      | Found a snail-covered altar of Cheibriados.
  6361 | D:5      | Reached skill level 7 in Spellcasting
  6432 | D:5      | Noticed Menkaure
  6436 | D:5      | Killed Menkaure
  6912 | D:5      | Reached XP level 9. HP: 57/61 MP: 0/0
  6912 | D:5      | Learned a level 3 spell: Spider Form
  7210 | D:5      | Reached skill level 8 in Spellcasting
  7338 | D:5      | Reached skill level 9 in Spellcasting
  7685 | D:6      | Found a runed translucent gate.
  7685 | D:6      | Found a runed translucent gate.
  7685 | D:6      | Found a runed translucent gate.
  7685 | D:6      | Found an opulent altar of Gozag.
  8279 | D:6      | Reached XP level 10. HP: 59/67 MP: 0/0
  8543 | D:6      | Noticed Tali's ghost (novice DsBe)
  8959 | D:6      | Found a shadowy altar of Dithmenos.
  9212 | D:7      | Found a transporter.
  9214 | D:7      | Noticed Bruhh's ghost (novice OgEE)
  9240 | D:7      | Reached skill level 10 in Spellcasting
  9626 | D:7      | Found a bloodstained altar of Trog.
 10368 | D:7      | Found a transporter.
 10378 | D:7      | Noticed a moth of wrath
 10462 | D:7      | Found a staircase to the Ecumenical Temple.
 10495 | Temple   | Entered the Ecumenical Temple
 10698 | D:8      | Noticed a purple ugly thing
 10708 | D:7      | Killed a purple ugly thing
 11351 | D:8      | Reached skill level 11 in Spellcasting
 12535 | D:8      | Found a white marble altar of Elyvilon.
 12863 | D:9      | Noticed Erolcha
 12872 | D:9      | Noticed Pikel
 13059 | D:9      | Noticed Erica
 13244 | D:8      | Reached XP level 11. HP: 26/72 MP: 0/0
 13244 | D:8      | Learned a level 4 spell: Dispel Undead
 13812 | D:9      | Killed Erolcha
 13813 | D:9      | Reached skill level 12 in Spellcasting
 13924 | D:9      | Killed Pikel
 14180 | D:9      | Killed Erica
 14758 | D:10     | Entered Level 10 of the Dungeon
 14771 | D:10     | Identified a scroll of acquirement
 14772 | D:10     | Acquired the ring "Vathoeza" {rF+ Int+2 Dex+4}
 15644 | D:10     | Noticed a death yak
 15646 | D:10     | Noticed a death yak
 15647 | D:10     | Noticed a death yak
 16600 | D:10     | Found a staircase to the Lair.
 16741 | D:10     | Noticed Fannar
 16752 | D:10     | Killed from afar by Fannar

Illustrated notes

Levels and vault maps discovered:
D:1:      dpeg_arrival_windows_large_door, layout_loops_ring, serial_shops,
          shop, hellmonk_ecumenical_altar_blasted, minmay_octomino_j4
D:2:      layout_basic, basic_altar, uniq_sigmund, uniq_natasha
D:3:      layout_basic, mainiacjoe_overflow_catwalk_spiral,
          gammafunk_temple_overflow_claw
D:4:      layout_cave_pools, mainiacjoe_overflow_alcove_4,
          nicolae_uskayaw_suspiria, okawaru_gym_becter, grunt_ministairs_3,
          uniq_crazy_yiuf_cottage, uniq_eustachio, uniq_ijyb
D:5:      layout_loops_corners, kennysheep_slug_shrine, minmay_between,
          uniq_menkaure
D:6:      layout_layer_cave, overflow_temple_1_default, ebering_ghost_gozag
D:7:      layout_gridville, mainiacjoe_overflow_tiny_flanked,
          minmay_temple_entry_proselytizer, gammafunk_ghost_berserking_beasts
D:8:      layout_basic, mainiacjoe_overflow_alcove_1, enter_bailey_4
D:9:      layout_irregular_city, uniq_erica, uniq_pikel, uniq_erolcha
D:10:     layout_roguey, dpeg_lair_monsters, nicolae_trove_entry_path_of_doom,
          uniq_fannar
Temple:   zaba_magenta_temple

Skill      XL: |  1  2  3  4  5  6  7  8  9 10 11 |
---------------+----------------------------------+-----
Long Blades    | 3 |  3.2
Dodging        | 1 2 3 |  3.1
Spellcasting   | 3 4 5 6 7 9 11 12 | 12.7
Stealth        | 1 2 |  2.4
Armour         | 1 2 3 |  3.0
Fighting       | 4 |  4.0

Action                   |  1- 3 |  4- 6 |  7- 9 | 10-12 || total
-------------------------+-------+-------+-------+-------++-------
Melee: Falchion          |    53 |       |       |       ||    53
       Long sword        |       |       |     4 |       ||     4
       Unarmed           |       |       |       |    16 ||    16
 Cast: Scorch            |    13 |    55 |   142 |   221 ||   431
       Summon Small Mamm |     5 |    22 |    49 |   124 ||   200
       Passwall          |       |       |     1 |       ||     1
       Spider Form       |       |       |       |     1 ||     1
Invok: Fiery Armour      |       |       |       |     1 ||     1
  Use: Scroll            |       |       |       |     9 ||     9
 Stab: Sleeping          |     1 |       |       |       ||     1
Armor: Robe              |    22 |     2 |     1 |       ||    25
       Leather armour    |       |       |     4 |    17 ||    21
       Skin              |       |       |       |     3 ||     3
Dodge: Dodged            |    47 |     9 |    43 |   119 ||   218
